 Dungeon Crawl Stone Soup version 0.20-a0-3-g334f831 (console) character file.

1823 brucemayne the Cleaver (level 9, -1/75 HPs)
             Began as a Hill Orc Monk on Oct 30, 2016.
             Was a Believer of the Shining One.
             Slain by a wyvern (12 damage)
             ... on level 7 of the Dungeon.
             The game lasted 00:11:24 (2930 turns).

brucemayne the Cleaver (Hill Orc Monk)              Turns: 2930, Time: 00:11:25

Health: -1/75      AC:  8    Str: 17      XL:     9   Next: 10%
Magic:  9/9        EV: 11    Int: 12 (13) God:    the Shining One [**....]
Gold:   258        SH:  0    Dex: 13      Spells: 2 memorised, 4 levels left

rFire  . . .     SeeInvis .     x - +0 whip (elec)
rCold  . . .     Gourm    .     g - +1 ring mail (curse)
rNeg   + . .     Faith    .     (no shield)
rPois  .         Spirit   .     f - +0 helmet
rElec  .         Reflect  .     k - +0 cloak (curse)
rCorr  .         Harm     .     (no gloves)
MR     .....                    (no boots)
Stlth  +.........               (no amulet)
                                (no ring)
                                C - +3 ring of intelligence

@: glowing
A: no striking features
a: Divine Shield, Renounce Religion


You were on level 7 of the Dungeon.
You worshipped the Shining One.
The Shining One was pleased with you.
You were not hungry.

You visited 2 branches of the dungeon, and saw 8 of its levels.
You also visited: Sewer.

You collected 258 gold pieces.

Inventory:

Hand Weapons
 a - a +0 hand axe
 m - a +0 hand axe
 x - a +0 whip of electrocution (weapon)
Missiles
 j - 43 poisoned needles
Armour
 b - a +0 robe
 d - a +0 ring mail
 e - a +0 ring mail
 f - a +0 helmet (worn)
 g - a cursed +1 ring mail (worn)
 k - a cursed +0 cloak (worn)
 r - a +0 cloak
 t - a +0 chain mail
 y - a +0 scale mail
Magical Staves
 o - an uncursed staff of power {unknown}
Jewellery
 C - a +3 ring of intelligence (left hand)
Wands
 w - a wand of acid (0/15)
 A - a wand of lightning (2/15)
Scrolls
 h - a scroll of blinking
 l - a scroll of teleportation
 n - 2 scrolls of recharging
 v - 3 scrolls of identify
 D - a scroll of amnesia
Potions
 p - a potion of cancellation
 q - 2 potions of degeneration
 z - a potion of cure mutation {unknown}
Books
 B - a book of Minor Magic

   Spells                             Type                      Level
   a - Magic Dart                     Conjuration                  1
   b - Blink                          Translocation                2
   c - Call Imp                       Summoning                    2
   d - Repel Missiles                 Charms/Air                   2
   e - Slow                           Hexes                        2
   f - Conjure Flame                  Conjuration/Fire             3
   g - Mephitic Cloud                 Conjuration/Poison/Air       3
Comestibles
 c - 2 bread rations
 i - 3 chunks of flesh
 u - 2 beef jerkies


   Skills:
 - Level 6.0 Fighting
 + Level 13.7 Axes
 - Level 2.4 Dodging
 - Level 2.0 Stealth
 - Level 0.4 Evocations


You had 4 spell levels left.
You knew the following spells:

 Your Spells              Type           Power        Failure   Level  Hunger
a - Blink                 Tloc           N/A          86%         2    ###....
b - Repel Missiles        Chrm/Air       #.....       86%         2    ###....


Dungeon Overview and Level Annotations

Branches:
Dungeon (7/15)             Temple (1/1) D:6

Altars:
Ashenzari
Dithmenos
Elyvilon
Fedhas
Gozag
Hepliaklqana
Kikubaaqudgha
Makhleb
Nemelex Xobeh
Qazlal
Uskayaw
Vehumet
Xom
Zin
The Shining One

Annotations:
D:6 brucemayne's ghost, amateur HOMo


Message History

The bolt of lightning hits the iguana.
You kill the iguana!
Evoking this partially-identified wand wasted a few charges.
You hear a shout! x3
The wyvern barely misses you. The wyvern bites you!
Evoke which item? (* to show all) (? for menu, Esc to quit)
Zapping:
A - a wand of lightning {zapped: 5} (will waste charges)
Press: ? - help, Shift-Dir - straight line, f/p - wyvern
Aim: a wyvern (moderately wounded, haloed)
You hear a mighty clap of thunder!
The bolt of lightning hits the wyvern.
The wyvern is heavily wounded.
Evoking this partially-identified wand wasted a few charges.
You hear an angry hiss.
The wyvern bites you!
* * * LOW HITPOINT WARNING * * *
It was a potion of curing.
You feel better. The wyvern bites you.
* * * LOW HITPOINT WARNING * * *
The wyvern bites you!
You die...

#...##'##.......#.##......'.._..
#.........<....#.#########.≈.≈.
#.8.....8......#.# #.....
##..8.8........'.# ######
##.....#...(..###########
###..##.#######........# #
#....[...# #........#
#........######........#
#......>...(@l....(....+
#........######....(...#
#....##### #######..... #....#
$... ###### ... .. .


You could see a wyvern.

Vanquished Creatures
  Pikel (D:5)
  A hippogriff (D:7)
  A wraith (D:7)
  A phantom (D:5)
  A centaur (D:7)
  A crocodile (D:7)
  2 bullfrogs
  A water moccasin zombie (D:5)
  A scorpion (D:5)
  A howler monkey (D:6)
  2 crimson imps (D:5)
  A hound (D:5)
  3 orc priests
  4 orc wizards (D:6)
  A bullfrog skeleton (D:6)
  2 iguanas
  Robin (D:4)
  A gnoll (D:7)
  An adder (D:2)
  A shadow imp (D:6)
  An adder skeleton (D:4)
  A worm (D:5)
  A dart slug (D:2)
  5 leopard geckos
  5 orcs
  A ball python (D:4)
  A bat (D:3)
  4 giant cockroaches
  11 goblins
  5 hobgoblins
  8 jackals
  6 kobolds
  2 quokkas (D:4)
  2 frilled lizards (D:3)
  8 rats
89 creatures vanquished.

Vanquished Creatures (others)
  2 quokkas
2 creatures vanquished.

Grand Total: 91 creatures vanquished

Notes
Turn   | Place    | Note
-------+----------+-------------------------------------------
     0 | D:1      | brucemayne the Hill Orc Monk began the quest for the Orb.
     0 | D:1      | Reached XP level 1. HP: 19/19 MP: 1/1
   209 | D:3      | Reached XP level 2. HP: 12/27 MP: 2/2
   367 | D:4      | Noticed a howler monkey
   447 | D:3      | HP: 1/27 [worm (3)]
   809 | D:2      | Reached XP level 3. HP: 28/33 MP: 3/3
   903 | D:3      | Reached skill level 5 in Axes
   937 | D:3      | Found a glowing drain.
   966 | Sewer    | Entered a sewer
  1107 | D:4      | Found a hide-covered altar of Uskayaw.
  1108 | D:4      | Noticed Robin
  1117 | D:4      | Reached XP level 4. HP: 33/41 MP: 4/4
  1122 | D:4      | Killed Robin
  1275 | D:5      | Entered Level 5 of the Dungeon
  1275 | D:5      | Found a hide-covered altar of Uskayaw.
  1344 | D:5      | Found a blossoming altar of Fedhas.
  1422 | D:5      | Noticed a slave
  1423 | D:5      | Noticed a slave
  1424 | D:5      | Noticed Pikel
  1435 | D:5      | Noticed a slave
  1438 | D:5      | Killed Pikel
  1438 | D:5      | Reached skill level 9 in Axes
  1438 | D:5      | Reached XP level 5. HP: 50/50 MP: 5/5
  1438 | D:5      | Reached XP level 6. HP: 57/57 MP: 6/6
  1438 | D:5      | Reached XP level 7. HP: 63/63 MP: 7/7
  1566 | D:5      | Found an opulent altar of Gozag.
  1666 | D:5      | Reached skill level 10 in Axes
  1865 | D:5      | Reached XP level 8. HP: 38/70 MP: 8/8
  1878 | D:6      | Reached skill level 11 in Axes
  1931 | D:6      | Found a white marble altar of Elyvilon.
  2000 | D:7      | Noticed a hippogriff
  2009 | D:7      | Killed a hippogriff
  2024 | D:7      | Found a glowing silver altar of Zin.
  2081 | D:6      | Reached skill level 12 in Axes
  2092 | D:6      | Found a staircase to the Ecumenical Temple.
  2097 | Temple   | Entered the Ecumenical Temple
  2185 | Temple   | Became a worshipper of the Shining One
  2185 | Temple   | Reached * piety under the Shining One
  2185 | Temple   | Reached ** piety under the Shining One
  2267 | D:7      | Noticed a wyvern
  2299 | D:6      | Noticed brucemayne's ghost (amateur HOMo)
  2446 | D:6      | Learned a level 2 spell: Blink
  2449 | D:6      | Learned a level 2 spell: Repel Missiles
  2779 | D:7      | Found a burning altar of Makhleb.
  2806 | D:7      | Reached skill level 13 in Axes
  2858 | D:7      | Noticed a wraith
  2877 | D:7      | Killed a wraith
  2877 | D:7      | Reached XP level 9. HP: 32/75 MP: 9/9
  2930 | D:7      | Slain by a wyvern

Vault maps used:
D:1:      dpeg_arrival_arbitrary_c, minivault_4
D:2:      okawaru_gym_becter, lemuel_doored_altar,
          nicolae_ru_great_annihilating_truth
D:3:      chequers_temple_overflow_minitemple, portal_sewer_entry_f,
          moated_statue
D:4:      old_standard_altar, uniq_robin
D:5:      marbit_many_paths, basic_altar, first_bread, hex_intersection,
          nicolae_gozag_seed_capital, uniq_pikel
D:6:      minmay_misc_feat_rows, hangedman_decor_clover_reticule,
          elyvilon_altar_4
D:7:      kennysheep_little_box, zin_statuary, lemuel_zombie_altar_yredelemnul
Temple:   minmay_temple_curvy_loop
Sewer:    sewer_minmay_treatment

Skill      XL: |  1  2  3  4  5  6  7  8 |
---------------+-------------------------+-----
Stealth        | 2 |  2.0
Fighting       | 4 6 |  6.0
Axes           | 5 9 10 13 | 13.7
Dodging        | |  2.4
Evocations     | |  0.4

Action                   |  1- 3 |  4- 6 |  7- 9 || total
-------------------------+-------+-------+-------++-------
Melee: Hand axe          |   136 |    48 |       ||   184
       Whip              |       |       |   165 ||   165
Invok: Divine Shield     |       |       |     1 ||     1
Evoke: Wand              |       |     2 |     5 ||     7
  Use: Potion            |     2 |       |     2 ||     4
       Scroll            |     5 |       |     3 ||     8
 Stab: Sleeping          |       |     1 |       ||     1
  Eat: Chunk             |     1 |     1 |     4 ||     6
       Pizza             |       |       |     1 ||     1
Armor: Ring mail         |    51 |    12 |    50 ||   113
Dodge: Dodged            |    86 |    20 |    68 ||   174
